 Dungeon Sprint DCSS version 0.17.1-2-g5865329 (webtiles) character file.

3484 hexophile the Corrupter of Planes (level 9, 0/82 HPs)
             Began as a Demonspawn Abyssal Knight on Jan 28, 2016.
             Was the Champion of Lugonu.
             Slain by a komodo dragon (19 damage)
             ... in the Dungeon (Sprint IX: "|||||||||||||||||||||||||||||").
             The game lasted 00:02:54 (1130 turns).

hexophile the Corrupter of Planes (DsAK)            Turns: 1130, Time: 00:02:54

Health: 0/82       AC:  8    Str: 17    XL:     9   Next: 79%
Magic:  0/20       EV: 10    Int: 13    God:    Lugonu [******]
Gold:   0          SH:  0    Dex: 15    Spells: 0 memorised, 8 levels left

rFire  . . .     SeeInvis .     a - +1 falchion
rCold  . . .     Clarity  .     n - +2 ring mail
rNeg   . . .     SustAt   .     (no shield)
rPois  .         Gourm    .     (no helmet)
rElec  .         Spirit   +     (no cloak)
rCorr  .         Warding  .     (no gloves)
rMut   .         NoTele   +     l - +0 pair of boots
MR     .....                    (no amulet)
Stlth  +.........               (no ring)
                                o - +3 ring of dexterity

@: not resistant to hostile enchantments, very unstealthy
A: spiny 3, magic shield
a: Bend Space, Banish, Corrupt, Brand Weapon With Distortion, Renounce Religion


You were in the Dungeon.
You worshipped Lugonu.
Lugonu was exalted by your worship.
You were not hungry.

You visited 1 branch


Innate Abilities, Weirdness & Mutations

You are completely covered in sharp spines.
When hurt, damage is shared between your health and your magic reserves.

Inventory:

Hand Weapons
 a - a +1 falchion (weapon)
Armour
 l - a +0 pair of boots (worn)
 n - a +2 ring mail (worn)
Jewellery
 o - a +3 ring of dexterity (left hand)
Wands
 k - a wand of cold (1)
Scrolls
 c - a scroll of fear
 i - 3 scrolls of blinking
 j - 4 scrolls of remove curse
 m - a scroll of identify
Potions
 b - a potion of cure mutation {!q}
 d - 8 potions of curing
 e - a potion of invisibility
 f - a potion of haste
 g - 4 potions of magic
 h - a potion of heal wounds


You had 8 spell levels left.
You didn't know any spells.


   Skills:
 * Level 11.9 Fighting
 * Level 14.2 Long Blades
 - Level 1.7 Armour
 - Level 0.8 Dodging
 * Level 14.7 Invocations

Dungeon Overview and Level Annotations

Branches:
Dungeon (1/1)

Altars:
Cheibriados
Dithmenos
Elyvilon
Fedhas
Gozag
Kikubaaqudgha
Makhleb
Nemelex Xobeh
Okawaru
Qazlal
Ru
Sif Muna
Trog
Vehumet
Xom
Yredelemnul
Zin
The Shining One
Beogh
Jiyva
Lugonu

Vault maps used:
D:        linesprint
You       could see a komodo dragon and a wolf.


Message History

The komodo dragon closely misses you.
Unknown command.
Unknown command.
Press: ? - help, Shift-Dir - straight line, f/p - komodo dragon
Aim: a komodo dragon (moderately wounded, chance to defeat MR: 75%)
The komodo dragon struggles to resist.
* * * LOW MAGIC WARNING * * *
You feel somewhat more hungry. The komodo dragon bites you!!
* * * LOW HITPOINT WARNING * * *
!MASSIVE DAMAGE!
YOU LOST 24 HP!
You have now: 4/82 HP.
Drink which item? (? for menu, Esc to quit)
You feel much better.
The komodo dragon is struck by your spines.
The komodo dragon bites you!
* * * LOW MAGIC WARNING * * *
* * * LOW HITPOINT WARNING * * *
The wolf stops to sniff the ground.
You lost 2 HP.
You have now: 2/82 HP.
Unknown command.
Drink which item? (? for menu, Esc to quit)
You feel much better.
The komodo dragon is struck by your spines.
The komodo dragon bites you!
* * * LOW HITPOINT WARNING * * *
Restored 12 HP.
You have now: 14/82 HP.
Unknown command.
Read which item? (? for menu, Esc to quit)
Okay, then.
Read which item? (? for menu, Esc to quit)
As you read the scroll of fear, it crumbles to dust.
You assume a fearsome visage.
The komodo dragon looks frightened!
The wolf looks frightened!
The hippogriff looks frightened!
The yak looks frightened!
The hippogriff looks frightened!
The four-headed hydra looks frightened!
Cornered, the komodo dragon turns to fight!
Cornered, the wolf turns to fight!
The wolf pauses to sniff the ground.
Cornered, the four-headed hydra turns to fight!
Cornered, the hippogriff turns to fight!
You see here a water moccasin corpse.
There is an open door to the Lair, spattered with blood here.
You see here a spiny frog skeleton.
You see here a basilisk corpse.
You see here a scroll of random uselessness.
You see here a +1 rapier of draining.
You see here a +2 large shield.
The komodo dragon bites you!!
* * * LOW MAGIC WARNING * * *
You die...

Action                   |  1- 3 |  4- 6 |  7- 9 || total
-------------------------+-------+-------+-------++-------
Melee: Falchion          |    47 |    21 |    56 ||   124
Invok: Banish            |       |     2 |     7 ||     9
Evoke: Wand              |       |     3 |     3 ||     6
  Use: Potion            |     2 |     1 |     2 ||     5
       Scroll            |       |       |     1 ||     1
  Eat: Bread ration      |       |       |     1 ||     1
       Chunk             |       |       |     1 ||     1

Notes
Turn   | Place    | Note
--------------------------------------------------------------
     0 | D        | hexophile the Demonspawn Abyssal Knight began the quest for the Orb.
     0 | D        | Reached XP level 1. HP: 18/18 MP: 2/2
     5 | D        | Reached skill level 2 in Long Blades
    10 | D        | Reached ** piety under Lugonu
    11 | D        | Reached skill level 3 in Long Blades
    24 | D        | Noticed a quasit
    24 | D        | Noticed a scorpion
    58 | D        | Killed a quasit
    58 | D        | Reached *** piety under Lugonu
    58 | D        | Reached skill level 6 in Long Blades
    58 | D        | Gained mutation: You are partially covered in sharp spines. [demonic ancestry]
    58 | D        | Reached XP level 2. HP: 5/24 MP: 3/3
    58 | D        | Gained mutation: When hurt, damage is shared between your health and your magic reserves. [demonic ancestry]
    58 | D        | Reached XP level 3. HP: 5/29 MP: 4/4
    60 | D        | Killed a scorpion
    60 | D        | Reached skill level 8 in Long Blades
    60 | D        | Gained mutation: You are mostly covered in sharp spines. [demonic ancestry]
    60 | D        | Reached XP level 4. HP: 7/35 MP: 5/5
    63 | D        | Reached **** piety under Lugonu
   197 | D        | Found a glowing silver altar of Zin.
   197 | D        | Found a glowing golden altar of the Shining One.
   197 | D        | Found an ancient bone altar of Kikubaaqudgha.
   197 | D        | Found a basalt altar of Yredelemnul.
   197 | D        | Found a shimmering altar of Xom.
   197 | D        | Found a radiant altar of Vehumet.
   198 | D        | Found an iron altar of Okawaru.
   199 | D        | Found a burning altar of Makhleb.
   200 | D        | Found a deep blue altar of Sif Muna.
   201 | D        | Found a bloodstained altar of Trog.
   202 | D        | Found a sparkling altar of Nemelex Xobeh.
   203 | D        | Found a white marble altar of Elyvilon.
   204 | D        | Found a roughly hewn altar of Beogh.
   205 | D        | Found a viscous altar of Jiyva.
   206 | D        | Found a corrupted altar of Lugonu.
   207 | D        | Found a blossoming altar of Fedhas.
   208 | D        | Found a snail-covered altar of Cheibriados.
   209 | D        | Found a shadowy altar of Dithmenos.
   210 | D        | Found a stormy altar of Qazlal.
   211 | D        | Found an opulent altar of Gozag.
   212 | D        | Found a sacrificial altar of Ru.
   272 | D        | Noticed an iguana
   272 | D        | Noticed a giant frog
   272 | D        | Noticed a deep elf mage
   272 | D        | Noticed an orc warrior
   277 | D        | Killed an iguana
   281 | D        | Reached skill level 9 in Long Blades
   284 | D        | Killed a giant frog
   284 | D        | Reached skill level 10 in Long Blades
   284 | D        | Reached XP level 5. HP: 28/41 MP: 4/6
   288 | D        | Reached ***** piety under Lugonu
   288 | D        | Banished a deep elf mage
   288 | D        | Reached skill level 4 in Fighting
   288 | D        | Reached skill level 5 in Invocations
   288 | D        | Reached XP level 6. HP: 31/49 MP: 4/9
   331 | D        | Banished an orc warrior
   331 | D        | Reached skill level 5 in Fighting
   331 | D        | Reached skill level 11 in Long Blades
   331 | D        | Reached skill level 6 in Invocations
   398 | D        | Noticed a troll
   398 | D        | Noticed a centaur warrior
   398 | D        | Noticed a scorpion
   398 | D        | Noticed a quasit
   398 | D        | Noticed a hill giant
   398 | D        | Noticed a purple ugly thing
   400 | D        | Killed a scorpion
   400 | D        | Reached skill level 7 in Invocations
   401 | D        | Killed a troll
   401 | D        | Reached skill level 7 in Fighting
   401 | D        | Reached skill level 8 in Invocations
   401 | D        | Reached XP level 7. HP: 40/60 MP: 6/13
   407 | D        | Killed a centaur warrior
   407 | D        | Reached skill level 9 in Fighting
   407 | D        | Reached skill level 12 in Long Blades
   407 | D        | Reached skill level 11 in Invocations
   407 | D        | Reached XP level 8. HP: 44/71 MP: 7/16
   408 | D        | Killed a quasit
   408 | D        | Killed a hill giant
   408 | D        | Reached skill level 10 in Fighting
   408 | D        | Reached skill level 13 in Long Blades
   408 | D        | Reached skill level 12 in Invocations
   421 | D        | Banished a purple ugly thing
   421 | D        | Reached skill level 13 in Invocations
   421 | D        | Gained mutation: You are completely covered in sharp spines. [demonic ancestry]
   421 | D        | Reached XP level 9. HP: 29/79 MP: 4/18
   717 | D        | Noticed a spiny frog
   717 | D        | Noticed a giant frog
   717 | D        | Noticed a spiny frog
   717 | D        | Noticed a giant frog
   717 | D        | Noticed a basilisk
   717 | D        | Noticed a crocodile
   725 | D        | Noticed a basilisk
   726 | D        | Killed a spiny frog
   728 | D        | Banished a spiny frog
   728 | D        | Reached skill level 11 in Fighting
   728 | D        | Killed a giant frog
   729 | D        | Noticed a hippogriff
   729 | D        | Reached ****** piety under Lugonu
   729 | D        | Banished a giant frog
   732 | D        | Banished a basilisk
   732 | D        | Reached skill level 14 in Invocations
   999 | D        | Killed a crocodile
  1012 | D        | Killed a basilisk
  1021 | D        | Killed a hippogriff
  1021 | D        | Reached skill level 14 in Long Blades
  1025 | D        | Noticed a water moccasin
  1034 | D        | Killed a water moccasin
  1090 | D        | Noticed a komodo dragon
  1090 | D        | Noticed a komodo dragon
  1090 | D        | Noticed a wolf
  1090 | D        | Noticed a hippogriff
  1090 | D        | Noticed a yak
  1090 | D        | Noticed a hippogriff
  1099 | D        | Noticed a porcupine
  1100 | D        | Killed a komodo dragon
  1101 | D        | Noticed a four-headed hydra
  1107 | D        | HP: 4/82 [komodo dragon (24)]
  1130 | D        | Slain by a komodo dragon

Table legend:
 A = Turns spent in this place as a percentage of turns spent in the entire game.
 B = Non-inter-level travel turns spent in this place as a percentage of non-inter-level travel turns spent in the entire game.
 C = Inter-level travel turns spent in this place as a percentage of turns spent in this place.
 D = Turns resting spent in this place as a percentage of non-inter-level travel turns spent in this place.
 E = Turns spent auto-exploring this place as a percentage of non-inter-level travel turns spent in this place.
 F = Non-inter-level travel turns spent in this place divided by the number of levels of this place that you've seen.
                   A       B       C       D       E      F
               +-------+-------+-------+-------+-------+----------------------
         Total | 100.0 | 100.0 |   0.0 |   5.3 |   0.2 | 509.0
       Dungeon | 100.0 | 100.0 |   0.0 |   5.3 |   0.2 | 509.0
               +-------+-------+-------+-------+-------+----------------------

Table legend:
 A = Kills in this place as a percentage of kills in entire the game.
 B = Kills by you in this place as a percentage of kills by you in the entire game.
 C = Kills by friends in this place as a percentage of kills by friends in the entire game.
 D = Other kills in this place as a percentage of other kills in the entire game.
 E = Experience gained in this place as a percentage of experience gained in the entire game.
 F = Experience gained in this place divided by the number of levels of this place that you have seen.
                   A       B       C       D       E      F
               +-------+-------+-------+-------+-------+----------------------
         Total | 100.0 | 100.0 |  -nan | 100.0 | 100.0 | 4978.0
       Dungeon | 100.0 | 100.0 |  -nan | 100.0 | 100.0 | 4978.0
               +-------+-------+-------+-------+-------+----------------------

Vanquished Creatures
  A centaur warrior (D)
  A hill giant (D)
  A spiny frog (D)
  A komodo dragon (D)
  A troll (D)
  A hippogriff (D)
  A basilisk (D)
  A water moccasin (D)
  A crocodile (D)
  2 giant frogs (D)
  2 scorpions (D)
  2 quasits (D)
  An iguana (D)
  An orc (D)
  2 bat skeletons (D)
  A giant cockroach (D)
  A hobgoblin (D)
  A giant newt (D)
  2 kobolds (D)
  2 rats (D)
26 creatures vanquished.

Vanquished Creatures (others)
  An ugly thing (D)
  A spiny frog (D)
  A deep elf mage (D)
  A basilisk (D)
  An orc warrior (D)
  A giant frog (D)
6 creatures vanquished.

Grand Total: 32 creatures vanquished
